 Dungeon Crawl Stone Soup version 0.14-a0-1876-g927fc3a (webtiles) character file.

1574305 keechmj the Conqueror (level 27, 245/245 HPs)
             Began as a Minotaur Fighter on Jan 13, 2014.
             Was a High Priest of Okawaru.
             Escaped with the Orb
             ... and 3 runes on Jan 14, 2014!
             The game lasted 10:12:22 (87454 turns).

keechmj the Conqueror (Minotaur Fighter)           Turns: 87454, Time: 10:12:22

HP 245/245       AC 44     Str 42      XL: 27
MP  37/37        EV 18     Int  8 (9)  God: Okawaru [*****.]
Gold 8682        SH  0     Dex 13      Spells:  0 memorised, 26 levels left

rFire  + + .     SeeInvis +     Y - +7,+5 great sword "Ceemeos" {vamp, Dex+4}
rCold  + + .     Clarity  +     H - +10 crystal plate armour
rNeg   . . .     Conserve .     (no shield)
rPois  +         rCorr    .     A - -1 hat {SInv}
rElec  .         rRot     .     E - +2 cloak "Mnups" {Str+4 Int+4}
SustAb . .       Spirit   .     K - +0 pair of gloves of the Pit {rF+ rC+ Dam+3}
rMut   .         Warding  .     n - -2 pair of boots {run}
Saprov . . .     Stasis   .     W - amulet of clarity
MR     +++..                    S - ring "Osaucir" {+Rage rPois MR}
                                p - ring "Qafaixof" {rF+ Str+5 Dex+2}

@: drained, quick, extremely resistant to hostile enchantments, extremely
unstealthy
A: retaliatory headbutt, horns 2, berserk 2, clumsy 2, cold resistance 1,
deterioration 1, frail 1, screaming 1
a: Heroism, Finesse, Renounce Religion, Evoke Berserk Rage
0: Orb of Zot
}: 3/15 runes: barnacled, silver, gossamer


You escaped.
You worshipped Okawaru.
Okawaru was extremely pleased with you.
You were not hungry.

You visited 12 branches of the dungeon, and saw 64 of its levels.
You visited 1 bazaar.
You also visited: Sewer and Wizlab.

You collected 9196 gold pieces.
You spent 514 gold pieces at shops.

Inventory:

Hand weapons
 w - the +7,+7 great mace "Undeadhunter" {rN+}
   (You took it off a deep elf annihilator on level 3 of the Elven Halls)

   It protects you from negative energy.
 B - a +5,+0 elven long sword of protection
 Y - the +7,+5 great sword "Ceemeos" (weapon) {vamp, Dex+4}
   (Okawaru gifted it to you on level 2 of the Depths)

   It inflicts no extra harm, but heals its wielder somewhat when it strikes a
   living foe.
   It affects your dexterity (+4).
Armour
 h - a +3 ring mail of cold resistance
 n - a -2 pair of boots of running (worn)
 A - a -1 hat of see invisible (worn)
 E - the +2 cloak "Mnups" (worn) {Str+4 Int+4}
   (You acquired it on level 1 of the Lair of Beasts)

   It affects your strength (+4).
   It affects your intelligence (+4).
 H - a +10 crystal plate armour (worn)
 K - the +0 pair of gloves of the Pit (worn) {rF+ rC+ Dam+3}
   (You found it on level 8 of the Lair of Beasts)

   It affects your damage-dealing abilities (+3).
   It protects you from fire.
   It protects you from cold.
Magical devices
 b - a wand of digging (7)
 c - a wand of digging (21)
 e - a wand of disintegration (5)
 f - a wand of fireball (2)
 l - a wand of frost (10)
 m - a wand of frost (15)
 q - a wand of fire (8)
 z - a wand of cold (13)
Comestibles
 v - 16 meat rations
 M - 2 royal jellies
Jewellery
 d - an uncursed ring of wizardry
 k - a cursed ring of teleport control
 p - the ring "Qafaixof" (left hand) {rF+ Str+5 Dex+2}
   (You took it off a hell knight on level 5 of the Vaults)

   [ring of strength]

   It affects your strength (+5).
   It affects your dexterity (+2).
   It protects you from fire.
 t - an uncursed ring of positive energy
 S - the ring "Osaucir" (right hand) {+Rage rPois MR}
   (You found it on level 1 of the Depths)

   [ring of protection from magic]

   It protects you from poison.
   It lets you go berserk.
 W - an amulet of clarity (around neck)
Potions
 j - 2 potions of restore abilities
 s - 2 potions of heal wounds
 u - 2 potions of speed
 x - a potion of brilliance
 G - a potion of magic
 P - 14 potions of curing
Books
 o - a book of Dreams

   Spells                             Type                      Level
   Ensorcelled Hibernation            Hexes/Ice                    2
   Flight                             Charms/Air                   3
   Phase Shift                        Translocation                5
   Shadow Creatures                   Summoning                    5
   Mass Confusion                     Hexes                        6
   Darkness                           Hexes                        7
Miscellaneous
 g - a fan of gales
 r - a lamp of fire
 y - a phial of floods
 C - a stone of tremors
Rods
 a - a cursed +3 rod of fiery destruction (13/13)
   (You took it off a deep elf sorcerer on level 3 of the Elven Halls)


   Skills:
 O Level 27(25.8) Fighting
 O Level 27(25.8) Long Blades
 - Level 9.6(8.8) Maces & Flails
 + Level 25.0(23.9) Armour
 - Level 22.8(21.7) Dodging
   Level 15.6(14.7) Shields
 - Level 15.9(15.0) Evocations


You had 26 spell levels left.
You didn't know any spells.

Dungeon Overview and Level Annotations

Branches:
Dungeon (16/16)            Temple (1/1) D:6             Orc (4/4) D:12
    Elf (3/3) Orc:4          Lair (8/8) D:10         Shoals (5/5) Lair:6
 Spider (5/5) Lair:5        Slime (0/6) Lair:6       Vaults (5/5) D:15
  Blade (1/1) Vaults:4       Tomb (0/3) Forest:2        Zot (5/5) Depths:6
 Forest (5/5) Vaults:2     Depths (6/6) D:16

Altars:
Ashenzari
Elyvilon
Fedhas
Makhleb
Nemelex Xobeh
Okawaru
Sif Muna
Trog
Vehumet
Xom
Yredelemnul
Zin
the Shining One
Beogh

Shops:
D:4 :   D:6 }   D:7 (![(   D:10 [   D:11 [   Orc:4 :*[(   Elf:1 !   Elf:2 /
Depths:2 %![*   Depths:6 =

Portals:
Hell: Depths:1 Depths:2 Depths:3 Depths:4 Depths:5 Depths:6
Abyss: Depths:4
Pandemonium: Depths:3 Depths:5
Ziggurat: Depths:3
Trove: Depths:3 (give +4 ice dragon armour)

Annotations:
D:15 exclusion: Roxanne, Roxanne
Lair:7 exclusion: ice statue
Zot:5 exclusions: ice statue and orange crystal statue
Forest:3 exclusion: oklob plant
Forest:4 exclusion: oklob plant
Forest:5 exclusion: oklob plant


Innate Abilities, Weirdness & Mutations

You reflexively headbutt those who attack you in melee.
You have a pair of horns on your head.
You often lose your temper in combat.
You are very clumsy. (Dex -4)
Your flesh is cold resistant.
Your body is slowly deteriorating.
You are frail (-10% HP).
You occasionally shout uncontrollably.


Message History

A ynoxinul comes into view.
The ynoxinul gestures.
You barely miss the giant cockroach. You headbutt the giant cockroach.
You kill the giant cockroach!
The ufetubus shouts!
You closely miss the ynoxinul. The ynoxinul completely misses you.
You furiously retaliate!
You headbutt the ynoxinul!
Your crystal plate armour prevents you from hitting the ynoxinul.
The ynoxinul is heavily wounded.
The ynoxinul closely misses you. You furiously retaliate!
You headbutt the ynoxinul! You cut the ynoxinul into ribbons!!!
You kill the ynoxinul!
Okawaru accepts your kill.
The ufetubus disappears in a puff of smoke!
Zapping:
b - a wand of digging (8)
Press: ? - help, Shift-Dir - straight line The rock shatters into small pieces.
This wand has 7 charges left.
There is a staircase leading out of the dungeon here.
You have escaped!

..## ###.............### ##.##
##.................## ##.##
##......####.........##
##.###.....########........##
##.#.....###....####.......#
######.....##........###......##
...# #....###...###...##.......#
...# #...........###..###......##
...# #....##..##@.###..##.......#
...# #....###..##.###..###......#
...# ##....##.....##...###......#
...# ##....#######....##........
#### #......####....###........
##............## #.(..(...
####......#### ##........
######## #.....>...
########################.).......


There were no monsters in sight!

Vanquished Creatures
  6 orbs of fire
  6 ancient liches (Zot:5)
  Saint Roka (Depths:2)
  Boris (twice) (Vaults:3 Vaults:5)
  Sojobo (Depths:4)
  Margery (Vaults:5)
  Norris (Vaults:1)
  the Enchantress (Forest:5)
  3 Killer Klowns
  Mara (Depths:4)
  Mennas (Forest:4)
  3 curse toes
  7 golden dragons
  Jory (Forest:4)
  Xtahua (Forest:4)
  7 bone dragons
  2 electric golems (Zot:5)
  Frederick (Forest:1)
  Nikola (Vaults:1)
  14 tentacled monstrosities
  27 Orb Guardians
  5 deep elf blademasters (Elf:3)
  5 deep elf master archers (Elf:3)
  The ghost of Piginabag the Eclecticist, a mighty OpWz of Sif Muna (Depths:2)
  4 titans
  Polyphemus (Shoals:3)
  13 storm dragons
  4 krakens
  A sphinx (Vaults:4)
  7 thorn hunters
  A lich (Vaults:5)
  Agnes (Shoals:1)
  Frances (Elf:2)
  9 draconian monks
  10 shadow dragons
  7 tengu reavers
  Ilsuiw (Shoals:5)
  3 draconian knights
  5 deep elf sorcerers (Elf:3)
  Donald (Shoals:1)
  Wiglaf (Shoals:2)
  Maud (D:15)
  4 fire giants
  8 ghost moths
  3 draconian scorchers
  Louise (Vaults:3)
  5 draconian zealots
  7 frost giants
  4 vault wardens (Vaults:5)
  The ghost of Econoterrorist the Warrior, a powerful MiBe of Trog (D:14)
  6 emperor scorpions (Spider:5)
  A reaper (Zot:3)
  Gastronok (D:8)
  A balrug (Depths:1)
  4 orc warlords
  Jorgrun (Vaults:1)
  5 ancient bears
  3 treants
  6 draconian annihilators
  4 draconian shifters
  8 spriggan defenders
  41 stone giants
  2 draconian callers
  3 apis
  4 deep elf demonologists
  9 grey draconians
  5 green draconians
  6 elemental wellsprings
  5 pale draconians
  4 black draconians
  10 deep elf annihilators (Elf:3)
  7 purple draconians
  A vampire knight (Depths:5)
  5 red draconians
  A satyr (shapeshifter) (Vaults:5)
  9 yellow draconians
  2 dire elephants (Forest:3)
  7 white draconians
  26 ettins
  6 mottled draconians
  7 satyrs
  2 merfolk javelineers (Shoals:5)
  10 spriggan air magi
  7 merfolk impalers
  Snorg (Shoals:1)
  2 deep elf death magi (Elf:3)
  3 sirens
  15 fire dragons
  A fire dragon (shapeshifter) (Vaults:5)
  A deep elf high priest (Elf:3)
  29 vault guards
  13 ironheart preservers
  Fannar (D:10)
  22 yaktaur captains
  Harold (D:15)
  Josephine (D:10)
  8 death cobs
  5 merfolk aquamancers
  Nessos (D:11)
  An anaconda (shapeshifter) (Vaults:5)
  11 hydras
  3 great orbs of eyes
  23 dancing weapons
  11 spriggan berserkers
  4 ravenous feature mimics
  11 ice dragons
  Erica (Orc:4)
  4 spriggan druids
  6 deep troll shamans
  2 ravenous item mimics
  16 ogre magi
  4 spriggan assassins
  3 anacondas
  7 spriggan enchanters
  4 tengu warriors
  2 vampire magi (Depths:2)
  3 spectral elves (Elf:3)
  18 very ugly things
  A fire crab (shapeshifter) (Depths:2)
  3 naga warriors
  10 deep troll earth magi
  2 sun demons (Depths:1)
  A rakshasa (Depths:4)
  21 death yaks
  Urug (D:10)
  4 dryads
  4 orc high priests
  Nergalle (Lair:5)
  15 hell knights
  5 catoblepae
  9 water nymphs
  12 iron trolls
  12 sea snakes
  12 deep elf knights
  36 centaur warriors
  A fire crab (Vaults:2)
  An ice devil (Depths:3)
  A giant orange brain (shapeshifter) (Depths:1)
  A faun (shapeshifter) (Elf:1)
  8 large abominations (Depths:4)
  A giant orange brain (Vaults:2)
  14 ironbrand convokers
  2 unseen horrors
  21 deep trolls
  An unseen horror (shapeshifter) (D:13)
  40 fauns
  2 flayed ghosts
  Pikel (D:7)
  14 hill giants
  18 harpies
  10 deep elf conjurers
  A deathcap (Zot:5)
  4 orc sorcerers
  Joseph (D:10)
  14 orc knights
  4 griffons
  4 wizards
  3 draconian zombies
  A wolf spider zombie (D:16)
  5 necromancers
  2 giant amoebae
  9 red wasps
  35 wolf spiders
  6 phantasmal warriors
  3 draconians (Depths:2)
  3 spiny worms
  2 stone golems (WizLab)
  A shining eye (shapeshifter) (Vaults:5)
  10 cyclopes
  A stone giant zombie (Vaults:5)
  10 vault sentinels
  26 moths of wrath
  7 deep elf summoners
  A black mamba (Lair:1)
  4 sixfirhies
  6 octopodes
  A tormentor (Depths:3)
  2 elephants (shapeshifter)
  4 orange demons (D:13)
  3 elephants (Lair:2)
  A grey draconian zombie (Zot:1)
  Psyche (D:11)
  9 spiny frogs
  20 spirit wolves
  5 small abominations
  A black mamba (shapeshifter) (D:14)
  A feature mimic (Lair:4)
  12 demonic crawlers
  2 tengu conjurers (Depths:2)
  20 orb spiders
  A yellow draconian zombie (Zot:5)
  56 yaktaurs
  4 elves (Depths:2)
  15 mermaids
  A spriggan (shapeshifter) (Vaults:5)
  5 guardian mummies (Forest:2)
  13 deep elf priests
  A hellwing (Vaults:5)
  3 fire drakes
  A fire drake (shapeshifter) (D:13)
  A giant firefly (shapeshifter) (Depths:1)
  A queen bee (shapeshifter) (D:15)
  Sonja (Orc:4)
  6 komodo dragons
  46 spriggans
  A troll (shapeshifter) (Vaults:5)
  6 trolls
  32 slime creatures
  16 jumping spiders
  33 giant fireflies
  9 thorn lotuses
  4 wind drakes
  6 boulder beetles
  5 polar bears
  21 snapping turtles
  2 blue devils
  A queen bee (D:11)
  10 blink frogs
  2 wandering mushrooms
  10 grizzly bears
  32 two-headed ogres
  A brown ooze (shapeshifter) (Depths:4)
  A basilisk (shapeshifter) (Depths:4)
  46 redbacks
  19 flying skulls (Depths:5)
  21 trapdoor spiders
  A yak (shapeshifter) (Depths:1)
  2 shadows
  15 fire elementals (D:15)
  82 ugly things
  4 basilisks
  22 deep elf magi
  51 merfolk
  18 tarantellas
  29 sharks
  6 vampires
  A formicid (shapeshifter) (Depths:3)
  A toenail golem (Vaults:1)
  2 fire dragon skeletons
  3 wraiths
  53 yaks
  A ynoxinul (D:1)
  5 air elementals
  3 chaos spawn (Depths:4)
  4 elephant slugs
  2 formicids
  3 steam dragons
  48 water elementals
  A wyvern (D:11)
  28 deep elf fighters
  3 hill giant skeletons
  19 wolves
  26 vampire mosquitoes
  4 molten gargoyles (Elf:2)
  4 hungry ghosts
  3 soldier ants
  16 hippogriffs
  3 human zombies
  6 swamp worms
  A mottled dragon (shapeshifter) (Depths:5)
  2 nagas (Depths:3)
  An orange crystal statue (Orc:4)
  A soldier ant (shapeshifter) (Vaults:5)
  A naga (shapeshifter) (Depths:5)
  5 freezing wraiths
  12 ice beasts
  6 porcupines
  A sky beast (D:8)
  19 manticores
  A mottled dragon (Vaults:2)
  A black bear (shapeshifter) (Vaults:4)
  An ice beast (shapeshifter) (D:13)
  A deep dwarf (Depths:2)
  A phantom (D:13)
  55 ogres
  4 black bears
  13 tengu
  53 orc warriors
  3 slaves (D:7)
  26 giant goldfish
  50 centaurs
  6 yellow wasps
  14 wargs
  10 giant slugs
  15 crocodiles
  A deep troll simulacrum (Vaults:2)
  11 big kobolds
  5 brain worms
  13 water moccasins
  17 giant frogs
  9 agate snails
  2 cyclops skeletons
  A wyvern skeleton (D:10)
  14 jellyfish
  A boulder beetle zombie (D:15)
  27 killer bees
  6 electric eels
  3 eyes of draining
  2 goliath beetles
  4 jellies
  9 crimson imps
  2 quasits
  21 big fish
  3 giant frog skeletons
  25 orc priests
  2 giant frog zombies
  12 hounds
  A centaur skeleton (D:10)
  A centaur zombie (D:9)
  Crazy Yiuf (D:6)
  An iron imp (Lair:8)
  31 orc wizards
  A cyclops simulacrum (D:14)
  27 spiders
  A two-headed ogre skeleton (D:8)
  9 iguanas
  3 scorpions
  A killer bee zombie (D:11)
  19 sheep
  13 worker ants
  Ijyb (D:6)
  2 spectral hounds (Depths:2)
  25 boggarts
  2 hound skeletons (D:6)
  7 mummies (Forest:2)
  A worker ant zombie (D:8)
  7 gnolls
  72 green rats
  A mottled dragon simulacrum (D:15)
  2 giant centipedes
  A big kobold simulacrum (D:10)
  17 adders
  3 shadow imps (Lair:8)
  5 giant mites
  3 white imps
  2 ufetubi
  21 worms
  A scorpion zombie (D:6)
  An adder zombie (D:5)
  An adder skeleton (D:5)
  3 grey rats
  5 giant eyeballs
  9 giant geckos
  7 oozes
  172 orcs
  4 ball pythons
  33 bats
  4 giant cockroaches
  28 goblins
  13 hobgoblins
  32 jackals
  20 quokkas
  5 training dummies
  5 giant newts
  A giant spore (D:16)
  3 hobgoblin skeletons
  45 kobolds
  2 kobold skeletons
  An orc skeleton (D:7)
  11 orc zombies
  23 rats
  A rat skeleton (D:7)
  8 ballistomycetes
  2 briar patches
  2 butterflies
  3 fungi (Elf:3)
  5 plants
  2 snaplasher vines (Forest:2)
  25 tentacles
  3 toadstools (WizLab)
3346 creatures vanquished.

Vanquished Creatures (others)
  A storm dragon (Zot:1)
  4 draconian knights
  2 draconian scorchers (Zot:1)
  A draconian zealot (Zot:1)
  2 draconian annihilators (Zot:1)
  A draconian shifter (Zot:1)
  2 elemental wellsprings
  A grey draconian (Zot:1)
  A pale draconian (Zot:1)
  A deep elf high priest (Depths:4)
  An ice dragon (Zot:2)
  An ogre mage (Vaults:4)
  An iron troll (Depths:2)
  A storm dragon zombie (Zot:1)
  2 draconian zombies
  A moth of wrath (Zot:5)
  A deep elf priest (Elf:3)
  A two-headed ogre (Vaults:4)
  A flying skull (Depths:5)
  A deep elf mage (Depths:6)
  2 sharks (Zot:1)
  A vampire mosquito (Vaults:1)
  An orc warrior (Vaults:1)
  An ogre (Vaults:4)
  A jellyfish (Zot:1)
  A crimson imp (D:7)
  A goliath beetle (shapeshifter) (Depths:6)
  An orc priest (Depths:2)
  2 big fish (Zot:1)
  A boggart (Depths:4)
  A big fish zombie (Zot:1)
  4 orcs
  A hobgoblin (D:7)
  2 giant spores
  A ballistomycete (D:13)
  2 briar patches
  3 fungi (Lair:6)
  15 plants
  13 snaplasher vine segments (Forest:2)
  56 tentacles
  892 tentacle segments
  A toadstool (WizLab)
1030 creatures vanquished.

Grand Total: 4376 creatures vanquished

Notes
Turn   | Place    | Note
--------------------------------------------------------------
     0 | D:1      | keechmj, the Minotaur Fighter, began the quest for the Orb.
     0 | D:1      | Reached XP level 1. HP: 19/19 MP: 1/1
   298 | D:1      | Reached XP level 2. HP: 26/26 MP: 1/1
   359 | D:1      | Gained mutation: You possess an exceptional clarity of mind. [potion of mutation]
   359 | D:1      | Gained mutation: You have a fast metabolism. [potion of mutation]
   359 | D:1      | Gained mutation: Your natural rate of healing is unusually fast. [potion of mutation]
   701 | D:1      | Reached skill level 4 in Maces & Flails
   921 | D:2      | Reached XP level 3. HP: 31/31 MP: 2/2
  1261 | D:2      | Reached skill level 5 in Maces & Flails
  1350 | D:2      | Reached XP level 4. HP: 39/39 MP: 2/2
  1474 | D:2      | Lost mutation: You have a fast metabolism. [potion of cure mutation]
  1474 | D:2      | Lost mutation: You possess an exceptional clarity of mind. [potion of cure mutation]
  1474 | D:2      | Lost mutation: Your natural rate of healing is unusually fast. [potion of cure mutation]
  2177 | D:4      | Reached skill level 5 in Fighting
  2179 | D:4      | Reached XP level 5. HP: 40/48 MP: 2/2
  2501 | D:4      | Noticed an ogre
  2507 | D:4      | Killed an ogre
  2507 | D:4      | Reached skill level 6 in Fighting
  2866 | D:4      | Found Wukijoig's Book Shop.
  2876 | D:4      | Reached XP level 6. HP: 54/58 MP: 3/3
  3013 | D:5      | Entered Level 5 of the Dungeon
  3117 | D:5      | Found a glowing drain.
  3146 | Sewer    | Entered a sewer
  3276 | Sewer    | Reached XP level 7. HP: 46/64 MP: 3/3
  3321 | Sewer    | Reached skill level 7 in Maces & Flails
  4146 | Sewer    | Reached skill level 8 in Maces & Flails
  4489 | D:5      | Reached skill level 9 in Maces & Flails
  4980 | D:6      | Noticed Crazy Yiuf
  4988 | D:6      | Killed Crazy Yiuf
  4988 | D:6      | Reached XP level 8. HP: 54/71 MP: 3/3
  5188 | D:6      | Found a staircase to the Ecumenical Temple.
  5199 | Temple   | Entered the Ecumenical Temple
  5300 | Temple   | Became a worshipper of Warmaster Okawaru
  5445 | D:6      | Found Brun At Wyr's Gadget Shop.
  5629 | D:6      | Noticed Ijyb
  5655 | D:6      | Killed Ijyb
  5736 | D:7      | Found Rumpeim's Antique Armour Boutique.
  5923 | D:7      | Found Pnozierr's Distillery.
  5933 | D:7      | Found Gruy's Weapon Shoppe.
  6030 | D:7      | Noticed Pikel
  6072 | D:7      | Killed Pikel
  6072 | D:7      | Acquired Okawaru's first power
  6072 | D:7      | Reached skill level 10 in Fighting
  6072 | D:7      | Reached XP level 9. HP: 50/86 MP: 4/4
  6281 | D:7      | Bought a potion of heal wounds for 36 gold pieces
  6281 | D:7      | Bought a potion of heal wounds for 36 gold pieces
  6281 | D:7      | Bought a potion of heal wounds for 36 gold pieces
  6306 | D:7      | Found Kymese's Weapon Emporium.
  6565 | D:7      | Got an encrusted falchion
  6566 | D:7      | Identified the +8,+1 falchion "Khoucze" {speed, rElec rN+} (You found it on level 7 of the Dungeon)
  6802 | D:8      | Noticed Gastronok
  6828 | D:8      | Reached skill level 1 in Long Blades
  7093 | D:8      | Killed Gastronok
  7623 | D:8      | Found a shimmering altar of Xom.
  7775 | D:8      | Reached XP level 10. HP: 94/94 MP: 4/4
  7840 | D:9      | Reached skill level 10 in Long Blades
  7949 | D:9      | Paralysed by a giant eyeball for 3 turns
  8219 | D:9      | Reached skill level 11 in Long Blades
  8250 | D:9      | Got a faintly glowing falchion
  8253 | D:9      | Identified the +9,+9 falchion "Smiatsus" {slice, Str+2} (You found it on level 9 of the Dungeon)
  8370 | D:9      | Gained mutation: You are resistant to electric shocks. [potion of beneficial mutation]
  8437 | D:10     | Entered Level 10 of the Dungeon
  8444 | D:10     | Noticed Joseph
  8456 | D:10     | Killed Joseph
  8538 | D:10     | Noticed Josephine
  8555 | D:10     | Reached skill level 12 in Long Blades
  8567 | D:10     | Acquired Okawaru's second power
  8598 | D:10     | Killed Josephine
  8606 | D:10     | Reached skill level 13 in Long Blades
  8810 | D:10     | Reached skill level 5 in Armour
  8940 | D:10     | Found a staircase to the Lair.
  9038 | D:10     | Noticed a hill giant
  9044 | D:10     | Killed a hill giant
  9083 | D:10     | Found Poywo's Antique Armour Shop.
  9121 | D:9      | Reached XP level 11. HP: 41/101 MP: 4/4
  9402 | D:10     | Bought a pair of orcish boots for 24 gold pieces
  9550 | D:10     | Noticed Fannar
  9572 | D:10     | Killed Fannar
  9577 | D:10     | Noticed Urug
  9815 | D:10     | Killed Urug
 10169 | D:11     | Received a gift from Okawaru
 10953 | D:11     | Noticed Psyche
 10963 | D:11     | Killed Psyche
 11037 | D:11     | Found Festag's Armour Shop.
 11066 | D:11     | Got a bronze leather armour
 11084 | D:11     | Identified the cursed -1 leather armour "Eluz" {rF++ rC+ SInv} (You found it on level 11 of the Dungeon)
 11273 | D:11     | Noticed Nessos
 11297 | D:11     | Killed Nessos
 11677 | D:10     | Paralysed by a giant eyeball for 3 turns
 12016 | D:11     | Reached XP level 12. HP: 47/115 MP: 5/5
 12437 | Lair:1   | Entered Level 1 of the Lair of Beasts
 13086 | Lair:1   | Found a shimmering altar of Xom.
 13454 | Lair:1   | Identified a scroll of acquirement
 13455 | Lair:1   | Got a faintly glowing cloak
 13459 | Lair:1   | Identified the +2 cloak "Mnups" {Str+4 Int+4} (You acquired it on level 1 of the Lair of Beasts)
 13667 | Lair:2   | Reached skill level 14 in Fighting
 14737 | Lair:3   | Reached skill level 15 in Fighting
 15367 | Lair:4   | Found a staircase to the Swamp.
 15485 | Lair:4   | the staircase to the Swamp was a mimic.
 16222 | Lair:5   | Found a hole to the Spider Nest.
 16467 | Lair:5   | Noticed Nergalle
 16490 | Lair:5   | Killed Nergalle
 16490 | Lair:5   | Reached skill level 15 in Long Blades
 17269 | Lair:6   | Found a staircase to the Shoals.
 17506 | Lair:5   | Reached XP level 13. HP: 103/126 MP: 5/5
 18003 | Lair:6   | Reached skill level 10 in Armour
 18347 | Lair:6   | Identified a +1 pair of boots of running (You found it on level 6 of the Lair of Beasts)
 18815 | Lair:6   | Found a staircase to the Slime Pits.
 19074 | Lair:7   | Identified the Reference Book on Hurtful Self-Improvement
 19095 | Lair:7   | Got a polished buckler
 19110 | Lair:7   | Identified the cursed -3 buckler "Dumeihai" {Str+5} (You found it on level 7 of the Lair of Beasts)
 19363 | Lair:7   | Received a gift from Okawaru
 19467 | Lair:7   | Reached skill level 10 in Shields
 19962 | Lair:8   | Entered Level 8 of the Lair of Beasts
 20370 | Lair:8   | Paralysed by a potion of paralysis for 5 turns
 20531 | Lair:8   | Got a pair of transparent gloves
 20779 | Lair:8   | Identified the +0 pair of gloves of the Pit {rF+ rC+ Dam+3} (You found it on level 8 of the Lair of Beasts)
 21047 | Lair:8   | Received a gift from Okawaru
 21062 | Lair:8   | Reached XP level 14. HP: 101/135 MP: 5/5
 21152 | Lair:8   | Reached skill level 16 in Long Blades
 21711 | Lair:8   | Got a shimmering claymore
 21712 | Lair:8   | Identified the +1,+6 claymore of Pnuew {elec, rN+} (You found it on level 8 of the Lair of Beasts)
 23201 | D:12     | Reached skill level 17 in Long Blades
 23350 | D:12     | Found a staircase to the Orcish Mines.
 23413 | D:12     | Reached skill level 1 in Evocations
 23534 | D:12     | Got a smoking short sword
 23626 | Orc:1    | Entered Level 1 of the Orcish Mines
 24597 | Orc:2    | Found a burning altar of Makhleb.
 25112 | Orc:3    | Found a deep blue altar of Sif Muna.
 25560 | Orc:4    | Entered Level 4 of the Orcish Mines
 25564 | Orc:4    | Noticed Sonja
 25946 | Orc:4    | Reached skill level 5 in Evocations
 25976 | Orc:4    | Killed Sonja
 25979 | Orc:4    | Found Nuomeg's Book Emporium.
 26039 | Orc:4    | Noticed Erica
 26048 | Orc:4    | Killed Erica
 26254 | Orc:4    | Found Straast's General Store.
 26276 | Orc:4    | Noticed an orc warlord
 26540 | Orc:4    | Killed an orc warlord
 26750 | Orc:4    | Bought a scroll of identify for 20 gold pieces
 26750 | Orc:4    | Bought a potion of heal wounds for 30 gold pieces
 26750 | Orc:4    | Bought a potion of heal wounds for 30 gold pieces
 26777 | Orc:4    | Found Amuddusti's Antique Armour Emporium.
 26897 | Orc:4    | Found a staircase to the Elven Halls.
 26995 | Orc:4    | Found Pnusty's Antique Weapon Boutique.
 26995 | Orc:4    | Noticed an orc warlord
 27036 | Orc:3    | Received a gift from Okawaru
 27226 | Orc:3    | Killed an orc warlord
 28173 | D:13     | Paralysed by a giant eyeball for 4 turns
 28641 | D:13     | Reached XP level 15. HP: 126/147 MP: 18/18
 28708 | D:13     | Got an encrusted glaive
 29249 | D:14     | Noticed Econoterrorist's ghost (powerful MiBe)
 29261 | D:14     | Killed Econoterrorist's ghost
 29824 | D:14     | Reached skill level 18 in Long Blades
 29916 | D:12     | You fall through a shaft!
 30347 | D:15     | Entered Level 15 of the Dungeon
 30796 | D:15     | Noticed Roxanne
 31146 | D:15     | Noticed Maud
 31172 | D:15     | Killed Maud
 31367 | D:15     | Reached skill level 19 in Long Blades
 31510 | D:15     | Noticed Harold
 31522 | D:15     | Killed Harold
 31525 | D:15     | Received a gift from Okawaru
 31607 | D:15     | Found a gate to the Vaults.
 31831 | D:16     | Entered Level 16 of the Dungeon
 33106 | D:16     | Found a staircase to the Depths.
 33296 | D:16     | Reached XP level 16. HP: 119/155 MP: 18/18
 33703 | D:16     | Reached skill level 15 in Armour
 34177 | Shoals:1 | Entered Level 1 of the Shoals
 34203 | Shoals:1 | Noticed Snorg
 34220 | Shoals:1 | Killed Snorg
 34474 | Shoals:1 | Noticed Agnes
 34487 | Shoals:1 | Killed Agnes
 34487 | Shoals:1 | Received a gift from Okawaru
 34488 | Shoals:1 | Got a twisted scimitar {god gift}
 34505 | Shoals:1 | Identified the +5,+10 scimitar of Okawaru's Fury {distort, +Inv} (Okawaru gifted it to you on level 1 of the Shoals)
 34900 | Shoals:1 | Noticed Donald
 34913 | Shoals:1 | Killed Donald
 35867 | Shoals:2 | Noticed Wiglaf
 35917 | Shoals:2 | Killed Wiglaf
 37048 | Shoals:3 | Noticed Polyphemus
 37273 | Shoals:3 | Received a gift from Okawaru
 37306 | Shoals:3 | Killed Polyphemus
 37462 | Shoals:3 | Reached skill level 15 in Shields
 38090 | Shoals:4 | Found a flickering gateway to a bazaar.
 38095 | Bazaar   | Entered a bazaar
 38095 | Bazaar   | Found Senun's Weapon Shoppe.
 38095 | Bazaar   | Found Cheamaf's Antique Weapon Emporium.
 38099 | Bazaar   | Found Caadwauf's Magical Wand Emporium.
 38110 | Bazaar   | Found Sud Etih's Distillery.
 38119 | Bazaar   | Bought a potion of curing for 30 gold pieces
 38119 | Bazaar   | Bought a potion of curing for 30 gold pieces
 38119 | Bazaar   | Bought a potion of curing for 30 gold pieces
 38119 | Bazaar   | Bought a potion of curing for 30 gold pieces
 39112 | Shoals:4 | Received a gift from Okawaru
 39113 | Shoals:4 | Got an ancient shield {god gift}
 39297 | Shoals:4 | Identified the +2 shield of the Hills {Dex+3 Int+3 Curse} (Okawaru gifted it to you on level 4 of the Shoals)
 39340 | Shoals:5 | Entered Level 5 of the Shoals
 40322 | Shoals:5 | Reached XP level 17. HP: 136/168 MP: 19/19
 40358 | Shoals:5 | Noticed Ilsuiw
 40736 | Shoals:4 | Upgraded the game from 0.14-a0-1863-gcc20582 to 0.14-a0-1876-g927fc3a
 41294 | Shoals:5 | Killed Ilsuiw
 42129 | Shoals:5 | Identified Lehudib's Handbook of Arcane Weapons
 42249 | Shoals:5 | Reached skill level 20 in Fighting
 43331 | Shoals:5 | Got a barnacled rune of Zot
 43927 | Spider:1 | Entered Level 1 of the Spider Nest
 45629 | Spider:2 | Received a gift from Okawaru
 46738 | Spider:5 | Entered Level 5 of the Spider Nest
 46896 | Spider:5 | Reached skill level 21 in Long Blades
 47491 | Spider:5 | Got a pair of polished boots
 47495 | Spider:5 | Identified the -5 pair of boots of Quantum Leap {Str+4 Int+5} (You acquired it on level 5 of the Spider Nest)
 47569 | Spider:5 | Reached XP level 18. HP: 178/178 MP: 20/20
 47736 | Spider:5 | Received a gift from Okawaru
 48007 | Spider:5 | Reached skill level 22 in Long Blades
 48180 | Spider:5 | Got a gossamer rune of Zot
 49174 | Depths:1 | Entered Level 1 of the Depths
 50274 | Depths:1 | Received a gift from Okawaru
 50733 | Depths:1 | Got a vibrating lead ring
 50734 | Depths:1 | Identified the ring "Osaucir" {+Rage rPois MR} (You found it on level 1 of the Depths)
 50838 | Depths:1 | Found a gateway to Hell.
 51083 | Depths:1 | Reached XP level 19. HP: 182/191 MP: 18/21
 51110 | Depths:1 | Paralysed by a giant eyeball for 3 turns
 51185 | Depths:1 | You fall through a shaft!
 51563 | Depths:2 | Found a roughly hewn altar of Beogh.
 51808 | Depths:2 | Noticed Saint Roka
 51829 | Depths:2 | Killed Saint Roka
 51849 | Depths:2 | Received a gift from Okawaru
 51856 | Depths:2 | Got a pitted great sword {god gift}
 51875 | Depths:2 | Identified the +7,+5 great sword "Ceemeos" {vamp, Dex+4} (Okawaru gifted it to you on level 2 of the Depths)
 51913 | Depths:2 | Found a shattered altar of Ashenzari.
 52164 | Depths:2 | Found Kloepe Team's Slaves and Accessories.
 52190 | Depths:2 | Noticed Piginabag's ghost (mighty OpWz)
 52193 | Depths:2 | Killed Piginabag's ghost
 52206 | Depths:2 | Found The Legendary Becacoh's Legendary Smithy.
 52271 | Depths:2 | Found Stan's Special Sausages.
 52335 | Depths:2 | Found Atzauli's Miraculous Elixirs.
 52408 | Depths:2 | Received a gift from Okawaru
 53607 | Elf:1    | Entered Level 1 of the Elven Halls
 53849 | Elf:1    | Found Umor's Distillery.
 53874 | Elf:1    | Bought a potion of curing for 26 gold pieces
 53874 | Elf:1    | Bought a potion of resistance for 91 gold pieces
 53874 | Elf:1    | Bought a potion of curing for 26 gold pieces
 53874 | Elf:1    | Bought a potion of heal wounds for 39 gold pieces
 54483 | Elf:2    | Noticed Frances
 54494 | Elf:2    | Killed Frances
 54630 | Elf:2    | Found Simampun's Magical Wand Boutique.
 54937 | Elf:3    | Entered Level 3 of the Elven Halls
 55000 | Elf:3    | Reached XP level 20. HP: 200/200 MP: 21/21
 55537 | Elf:3    | Received a gift from Okawaru
 55548 | Elf:3    | Got a fine chain mail {god gift}
 55672 | Elf:3    | Identified the +4 chain mail of the Duke {Dex+3 Dam+4} (Okawaru gifted it to you on level 3 of the Elven Halls)
 55839 | Elf:3    | Got a faintly glowing scimitar {venom}
 55840 | Elf:3    | Identified the +10,+4 scimitar "Tiusurphegh" {venom, rPois} (You took it off a deep elf conjurer on level 3 of the Elven Halls)
 56553 | Elf:3    | Got a transparent mace {antimagic}
 57055 | Elf:3    | Identified the +9,+9 mace of Might {antimagic, +Inv} (You took it off a deep elf death mage on level 3 of the Elven Halls)
 57110 | Elf:3    | Got a pearl-encrusted ring mail
 57112 | Elf:3    | Got a warped hat
 57134 | Elf:3    | Identified the cursed -2 hat of Immorality {Dex+4 Int+2} (You found it on level 3 of the Elven Halls)
 57136 | Elf:3    | Identified the +1 ring mail "Mibboeji" {SInv} (You found it on level 3 of the Elven Halls)
 57141 | Elf:3    | Identified the Guide on Curses and Self-Improvement (You found it on level 3 of the Elven Halls)
 57201 | Elf:3    | Got a shimmering cutlass
 57203 | Elf:3    | Identified the +9,+3 cutlass "Khitabaz" {venom, rPois MR++ Dex-1} (You found it on level 3 of the Elven Halls)
 57980 | Vaults:1 | Entered Level 1 of the Vaults
 58176 | Vaults:1 | Noticed Nikola
 58210 | Vaults:1 | Killed Nikola
 58290 | Vaults:1 | Received a gift from Okawaru
 58461 | Vaults:1 | Noticed Jorgrun
 58471 | Vaults:1 | Killed Jorgrun
 58542 | Vaults:1 | Noticed Norris
 58555 | Vaults:1 | Killed Norris
 58565 | Vaults:1 | Got a brightly glowing buckler
 58570 | Vaults:1 | Identified the -2 buckler of Uramn {Int-2 SInv} (You took it off Norris on level 1 of the Vaults)
 59498 | Vaults:2 | Reached skill level 1 in Dodging
 59590 | Vaults:2 | Found a staircase to the Enchanted Forest.
 59616 | Vaults:2 | Reached XP level 21. HP: 207/207 MP: 22/22
 59783 | Vaults:2 | Received a gift from Okawaru
 59807 | Vaults:2 | Reached skill level 5 in Dodging
 60542 | Vaults:3 | Noticed Boris
 60554 | Vaults:3 | Killed Boris
 60838 | Vaults:3 | Noticed Louise
 60862 | Vaults:3 | Killed Louise
 61078 | Vaults:3 | Reached skill level 10 in Dodging
 62701 | Vaults:5 | Entered Level 5 of the Vaults
 62798 | Vaults:4 | Received a gift from Okawaru
 62929 | Vaults:5 | Reached XP level 22. HP: 210/215 MP: 23/23
 63199 | Vaults:4 | Reached skill level 15 in Dodging
 63222 | Vaults:4 | Found a staircase to the Hall of Blades.
 63342 | Vaults:5 | Got a heavily runed silver ring
 63344 | Vaults:5 | Got a pitted lead ring
 63345 | Vaults:5 | Identified the ring "Qafaixof" {rF+ Str+5 Dex+2} (You took it off a hell knight on level 5 of the Vaults)
 63346 | Vaults:5 | Identified the cursed ring "Qitiwog" {rPois rF+ Str-2 Dex-2} (You took it off a deep elf demonologist on level 5 of the Vaults)
 63831 | Vaults:5 | Received a gift from Okawaru
 64314 | Vaults:5 | Noticed Margery
 64332 | Vaults:5 | Killed Margery
 64358 | Vaults:5 | Identified Skyigupu's Tome of Battle Magic
 64363 | Vaults:5 | Got a silver rune of Zot
 64454 | Vaults:5 | Noticed Boris
 64469 | Vaults:5 | Killed Boris
 65160 | Vaults:5 | Got a crude glass ring
 65173 | Vaults:5 | Identified the ring "Agidem" {Hunger- Dex+4 Int-4} (You found it on level 5 of the Vaults)
 65368 | Vaults:5 | Identified Fupes' Disquisition on the Shifting Rocks
 65446 | Vaults:5 | Got a crude buckler
 65447 | Vaults:5 | Identified the +5 buckler of the Other Side {rC+ MR++ Acc+4} (You found it on level 5 of the Vaults)
 66427 | Forest:1 | Entered Level 1 of the Enchanted Forest
 67040 | Forest:1 | Noticed Frederick
 67050 | Forest:1 | Killed Frederick
 67739 | Forest:2 | Reached XP level 23. HP: 223/223 MP: 23/23
 68068 | Forest:2 | Found a staircase to the Tomb.
 68418 | Forest:2 | Received a gift from Okawaru
 70065 | Forest:3 | Got a pair of warped gloves
 70066 | Forest:3 | Identified the cursed -4 pair of gloves "Plog" {rF++ Stlth++} (You found it on level 3 of the Enchanted Forest)
 70066 | Forest:3 | Identified a cursed rod of fiery destruction (You took it off a deep elf sorcerer on level 3 of the Elven Halls)
 70426 | Forest:4 | Noticed Jory
 70447 | Forest:4 | Killed Jory
 70447 | Forest:4 | Received a gift from Okawaru
 70474 | Forest:4 | Noticed Mennas
 70516 | Forest:4 | Killed Mennas
 70677 | Forest:4 | Noticed Xtahua
 70686 | Forest:4 | Killed Xtahua
 71707 | Forest:5 | Entered Level 5 of the Enchanted Forest
 72554 | Forest:5 | Reached XP level 24. HP: 165/231 MP: 24/24
 72724 | Forest:5 | Noticed the Enchantress
 72792 | Forest:5 | Killed the Enchantress
 72794 | Forest:5 | Got a faerie dragon armour
 72815 | Forest:5 | Identified the +1 faerie dragon armour {Str+3} (You took it off the Enchantress on level 5 of the Enchanted Forest)
 73016 | Forest:5 | Identified the Catalogue of Protection
 73019 | Forest:5 | Got a shimmering scale mail
 73031 | Forest:5 | Identified the +6 scale mail of Greed {Str+2 Acc+6} (You found it on level 5 of the Enchanted Forest)
 73353 | Forest:5 | Received a gift from Okawaru
 73354 | Forest:5 | Got an encrusted flail {god gift}
 73355 | Forest:5 | Identified the +6,+8 flail of the Middle {flame, rElec rC+ rN+} (Okawaru gifted it to you on level 5 of the Enchanted Forest)
 73778 | Blade    | Entered the Hall of Blades
 74012 | Blade    | Reached skill level 10 in Evocations
 75197 | Depths:2 | Paralysed by a giant eyeball for 2 turns
 75592 | Depths:3 | Found a gateway to a ziggurat.
 75749 | Depths:3 | Found a portal to a secret trove of treasure.
 75893 | Depths:3 | Found a one-way gate leading to the halls of Pandemonium.
 76244 | Depths:4 | Noticed Mara
 76254 | Depths:4 | Killed Mara
 76297 | Depths:4 | Received a gift from Okawaru
 76349 | Depths:4 | Got a slimy cloak {god gift}
 76352 | Depths:4 | Identified the +3 cloak "Streh" {Str+4} (Okawaru gifted it to you on level 4 of the Depths)
 76479 | Depths:4 | Noticed Sojobo
 76492 | Depths:4 | Killed Sojobo
 76524 | Depths:4 | Found a one-way gate to the infinite horrors of the Abyss.
 76541 | Depths:4 | Reached XP level 25. HP: 236/238 MP: 35/35
 76928 | Depths:4 | Reached skill level 15 in Evocations
 77084 | Depths:4 | Got a pitted war axe
 77177 | Depths:4 | Found a magical portal.
 77197 | WizLab   | Entered a wizard's laboratory
 77332 | WizLab   | Identified Wizardry Continued
 77416 | WizLab   | Gained mutation: Your mind is acute. (Int +2) [potion of beneficial mutation]
 77504 | WizLab   | Found a blossoming altar of Fedhas.
 77537 | WizLab   | Identified the Catalogue of Flames
 77563 | WizLab   | Identified the Almanac of the Enthralling Volcanoes
 77932 | Depths:5 | Reached skill level 23 in Long Blades
 78820 | Depths:6 | Entered Level 6 of the Depths
 78940 | Depths:6 | Found Thaxegeo's Jewellery Boutique.
 79223 | Depths:6 | Received a gift from Okawaru
 79228 | Depths:6 | Found a gate to the Realm of Zot.
 79236 | Depths:6 | Got a heavily runed crystal plate armour {god gift}
 79237 | Depths:6 | Identified the +0 crystal plate armour "Acupril" {Dex-2 Dam+3} (Okawaru gifted it to you on level 6 of the Depths)
 80883 | Zot:1    | Entered Level 1 of the Realm of Zot
 80973 | Zot:1    | Reached skill level 24 in Fighting
 81360 | Zot:1    | Noticed an orb of fire
 81658 | Zot:2    | Reached XP level 26. HP: 256/256 MP: 11/37
 81726 | Zot:2    | Reached skill level 25 in Fighting
 81849 | Zot:2    | Noticed an orb of fire
 81867 | Zot:2    | Gained mutation: Armour fits poorly on your strangely shaped body. [an orb of fire]
 81870 | Zot:2    | Killed an orb of fire
 82561 | Zot:3    | Lost mutation: Armour fits poorly on your strangely shaped body. [potion of cure mutation]
 82561 | Zot:3    | Lost mutation: Your mind is acute. (Int +2) [potion of cure mutation]
 82561 | Zot:3    | Lost mutation: You are resistant to electric shocks. [potion of cure mutation]
 82594 | Zot:3    | Reached skill level 26 in Fighting
 82632 | Zot:3    | Received a gift from Okawaru
 83268 | Zot:4    | Reached skill level 27 in Fighting
 84172 | Zot:5    | Entered Level 5 of the Realm of Zot
 84340 | Zot:5    | Found a bloodstained altar of Trog.
 84481 | Zot:5    | Found a glowing golden altar of the Shining One.
 84647 | Zot:5    | Noticed an ancient lich
 84650 | Zot:5    | Paralysed by an ancient lich for 7 turns
 84671 | Zot:5    | Noticed an ancient lich
 84691 | Zot:5    | Killed an ancient lich
 84691 | Zot:5    | Reached XP level 27. HP: 273/273 MP: 36/37
 84740 | Zot:5    | Noticed an ancient lich
 84752 | Zot:5    | Killed an ancient lich
 84802 | Zot:5    | Received a gift from Okawaru
 84808 | Zot:5    | Noticed an ancient lich
 84828 | Zot:5    | Killed an ancient lich
 85029 | Zot:5    | Noticed an orb of fire
 85029 | Zot:5    | Gained mutation: You are clumsy. (Dex -2) [an orb of fire]
 85032 | Zot:5    | Gained mutation: Your magical capacity is low (-10% MP). [an orb of fire]
 85045 | Zot:5    | Killed an orb of fire
 85052 | Zot:5    | Lost mutation: You are clumsy. (Dex -2) [potion of cure mutation]
 85052 | Zot:5    | Lost mutation: Your magical capacity is low (-10% MP). [potion of cure mutation]
 85150 | Zot:5    | Noticed an orb of fire
 85187 | Zot:5    | Noticed an orb of fire
 85194 | Zot:5    | Gained mutation: Your flesh is cold resistant. [an orb of fire]
 85202 | Zot:5    | Gained mutation: You are dopey. (Int -2) [an orb of fire]
 85212 | Zot:5    | Noticed an orb of fire
 85212 | Zot:5    | Gained mutation: You tend to lose your temper in combat. [an orb of fire]
 85213 | Zot:5    | Gained mutation: Your body is slowly deteriorating. [an orb of fire]
 85220 | Zot:5    | Gained mutation: You often lose your temper in combat. [an orb of fire]
 85233 | Zot:5    | Gained mutation: You are frail (-10% HP). [an orb of fire]
 85241 | Zot:5    | HP: 4/245 [orb of fire/fireball (18)]
 85246 | Zot:5    | Killed an orb of fire
 85272 | Zot:5    | Gained mutation: You are clumsy. (Dex -2) [an orb of fire]
 85273 | Zot:5    | Gained mutation: You have a fast metabolism. [an orb of fire]
 85277 | Zot:5    | Killed an orb of fire
 85303 | Zot:5    | Lost mutation: You have a fast metabolism. [potion of cure mutation]
 85303 | Zot:5    | Lost mutation: You are frail (-10% HP). [potion of cure mutation]
 85303 | Zot:5    | Lost mutation: You are dopey. (Int -2) [potion of cure mutation]
 85515 | Zot:5    | Killed an ancient lich
 85515 | Zot:5    | Reached skill level 27 in Long Blades
 85543 | Zot:5    | Noticed an ancient lich
 85551 | Zot:5    | Killed an ancient lich
 85650 | Zot:5    | Gained mutation: You are frail (-10% HP). [an orb of fire]
 85656 | Zot:5    | Gained mutation: You are very clumsy. (Dex -4) [an orb of fire]
 85673 | Zot:5    | Killed an orb of fire
 86089 | Zot:5    | Noticed an ancient lich
 86102 | Zot:5    | Killed an ancient lich
 86102 | Zot:5    | Received a gift from Okawaru
 86475 | Zot:5    | Noticed an orb of fire
 86490 | Zot:5    | Gained mutation: You occasionally shout uncontrollably. [an orb of fire]
 86494 | Zot:5    | Killed an orb of fire
 86636 | Zot:5    | Got the Orb of Zot
 86704 | Zot:5    | Noticed an orb of fire
 86889 | Depths:6 | Noticed Tivyz the pandemonium lord
 86976 | Depths:2 | Noticed Ywaysexu the pandemonium lord
 87057 | D:14     | Noticed Reirr the pandemonium lord
 87072 | D:13     | Noticed Kitizae the pandemonium lord
 87454 | D:$      | Escaped with the Orb!

Action                   |  1- 3 |  4- 6 |  7- 9 | 10-12 | 13-15 | 16-18 | 19-21 | 22-24 | 25-27 || total
-------------------------+-------+-------+-------+-------+-------+-------+-------+-------+-------++-------
Melee: Mace              |   105 |   173 |   373 |       |   281 |    27 |       |       |       ||   959
       Hammer            |       |       |     3 |       |       |       |       |       |       ||     3
       Falchion          |       |       |   186 |  1088 |  1657 |  2223 |   130 |       |       ||  5284
       Great sword       |       |       |       |       |       |       |  1671 |  1842 |  1584 ||  5097
Invok: Heroism           |       |       |     1 |     5 |    11 |    27 |    11 |    18 |    27 ||   100
Evoke: Wand              |       |       |       |     7 |     3 |     5 |     4 |       |     9 ||    28
  Use: Potion            |     7 |     3 |     3 |    10 |     8 |    19 |     5 |     3 |    20 ||    78
       Scroll            |     1 |     1 |    13 |    11 |     9 |    24 |    16 |    18 |     6 ||    99
 Stab: Invisible         |       |       |       |     1 |       |       |       |       |       ||     1
       Sleeping          |       |       |       |       |       |       |       |     1 |       ||     1
       Distracted        |       |       |       |       |       |       |       |     1 |       ||     1
